Map: NeoHumanity LE

Players

KAMiKZ

  • Race: Terran Terran
  • League: Diamond
  • Spawn Location: 5:00

TerranEZrace - Winner!

  • Race: Zerg Zerg
  • League: Diamond
  • Spawn Location: 11:00

VOD

Have the link to the VOD?

Description

Time

  • Played on: June 29, 2023, 7:59 a.m.
  • Length: 9:50
Show
View Real Time Build Order
Export as new Build Order

KAMiKZ Terran 

Build Orders:  

Get SALT Encoding   

  12  0:00  SCV  
  13  0:12  SCV  
  14  0:16  Supply Depot  
  14  0:24  SCV  
  15  0:38  SCV  
  15  0:39  Barracks  
  16  0:45  Refinery  
  16  0:50  SCV  
  17  1:02  SCV  
  18  1:14  SCV  
  19  1:26  Orbital Command  
  19  1:28  Barracks Reactor  
  19  1:44  Command Center  
  19  1:47  Supply Depot  
  19  1:54  SCV  
  20  2:04  Marine x2  
  20  2:06  SCV  
  23  2:10  Factory  
  23  2:18  SCV  
  23  2:22  Refinery, Marine x2  
  26  2:30  SCV  
  27  2:42  SCV  
  28  2:54  SCV  
  29  2:59  Orbital Command  
  29  3:06  SCV  
  29  3:07  Starport  
  29  3:11  Hellion x2  
  34  3:14  Barracks Reactor  
  34  3:15  Refinery  
  34  3:18  SCV  
  35  3:21  Supply Depot  
  35  3:25  SCV  
  36  3:30  SCV  
  36  3:32  Hellion  
  36  3:33  Supply Depot  
  41  3:34  Hellion  
  42  3:44  Supply Depot  
  42  3:48  SCV, Fusion Core  
  41  3:49  SCV  
  43  4:00  SCV  
  43  4:01  SCV  
  47  4:02  Hellion  
  47  4:08  Starport Tech Lab  
  47  4:13  SCV x2, Supply Depot  
  49  4:25  SCV  
  49  4:26  SCV  
  49  4:29  Hellion x2  
  55  4:37  SCV  
  55  4:38  SCV, Battlecruiser  
  63  4:45  Supply Depot  
  60  4:56  SCV  
  60  4:57  SCV  
  54  5:01  Hellion x2  
  54  5:03  Weapon Refit  
  58  5:07  Refinery  
  58  5:09  SCV  
  58  5:12  Command Center  
  59  5:18  SCV  
  59  5:21  SCV  
  59  5:22  Hellion x2  
  64  5:30  SCV  
  64  5:33  SCV  
  66  5:39  Supply Depot  
  66  5:42  SCV  
  67  5:43  Hellion  
  67  5:44  Hellion, Battlecruiser  
  67  5:46  SCV  
  78  5:54  SCV  
  79  6:40  SCV x2, Orbital Command  
  79  6:45  Marine  
  79  6:46  Marine  
  79  6:47  Widow Mine x2  
  87  6:52  SCV, Command Center, Battlecruiser  
  94  6:56  Starport  
  94  6:58  Starport  
  94  7:01  Starport  
  86  7:27  Marine x2  
  86  7:28  Widow Mine  
  86  7:29  Widow Mine  
  85  7:30  SCV x3  
  87  8:09  SCV x2  
  87  8:10  Orbital Command  
  87  8:11  SCV, Starport Tech Lab  
  87  8:12  Starport Tech Lab  
  91  8:27  SCV  
  91  8:28  SCV  
  91  8:29  Starport Tech Lab  
  92  8:53  SCV x2  
Show
View Real Time Build Order
Export as new Build Order

TerranEZrace Zerg - Winner!

Build Orders: Hatch First 

Get SALT Encoding   

  12  0:00  Drone  
  13  0:08  Drone  
  14  0:33  Hatchery  
  13  0:37  Drone  
  14  0:52  Spawning Pool  
  14  0:56  Drone  
  14  1:09  Drone x2, Extractor x2  
  16  1:14  Overlord  
  16  1:32  Drone x2  
  18  1:39  Queen  
  20  1:44  Drone  
  20  1:45  Queen  
  23  1:49  Drone  
  24  1:58  Drone  
  24  1:59  Overlord  
  25  2:06  Drone  
  26  2:15  Queen  
  28  2:24  Queen  
  30  2:31  Drone x3  
  30  2:34  Drone  
  30  2:35  Drone  
  35  2:43  Overlord  
  35  2:49  Drone  
  36  3:00  Queen, Overlord  
  36  3:04  Queen, Drone  
  41  3:08  Drone x3  
  44  3:13  Overlord  
  44  3:21  Drone x2  
  46  3:27  Spore Crawler  
  46  3:28  Spore Crawler  
  46  3:30  Hatchery  
  43  3:46  Queen  
  43  3:47  Drone x2  
  43  3:48  Drone x3  
  50  3:55  Drone  
  50  3:56  Drone x2, Extractor x2  
  50  3:57  Spore Crawler, Drone x3  
  53  4:10  Drone  
  53  4:11  Drone x4  
  58  4:38  Drone x2  
  59  4:39  Extractor  
  59  4:40  Drone  
  59  4:41  Overlord x5  
  59  4:42  Metabolic Boost, Overlord  
  56  5:06  Hatchery  
  55  5:07  Baneling Nest  
  55  5:09  Extractor  
  53  5:30  Drone x12  
  53  5:31  Drone x2  
  53  5:34  Lair, Spore Crawler  
  66  5:36  Drone  
  66  6:14  Drone x2  
  66  6:15  Drone x2  
  66  6:16  Drone x3  
  65  6:40  Spore Crawler, Queen x2  
  65  6:44  Centrifugal Hooks  
  68  6:51  Spore Crawler  
  68  6:53  Zergling x2  
  68  6:54  Zergling x28, Extractor  
  75  7:13  Zergling x8  
  75  7:14  Zergling x4  
  73  7:44  Drone x3  
  73  7:45  Drone x5  
  73  7:46  Drone x2  
  82  7:53  Overlord x5  
  82  8:02  Spore Crawler  
  82  8:04  Spore Crawler  
  82  8:05  Spore Crawler  
  73  8:13  Drone x3  
  73  8:14  Drone x5  
  73  8:16  Baneling x3  
  73  8:17  Baneling x28  
  73  8:18  Baneling x5  
  73  8:19  Zergling x10  
  88  8:20  Zergling x4  
  87  8:28  Spore Crawler  
  87  8:30  Spore Crawler x2  
  87  8:32  Queen x4  
  91  8:35  Zergling x2  
  91  8:36  Zergling x14  
  97  8:56  Zergling x2  
  97  8:57  Zergling x22  
  107  9:04  Spore Crawler, Spine Crawler  
  107  9:06  Spine Crawler  
  104  9:12  Spine Crawler, Spore Crawler  
  104  9:13  Spine Crawler, Spore Crawler x2  
  104  9:14  Spore Crawler  
  104  9:16  Spine Crawler  
Tags
 
Add a new tag
Caveats
  • Supply blocks, unpowered buildings, or Contaminate may cause inaccurate times.
  • Supply counts are checked every 10 seconds.